 Dungeon Crawl Stone Soup version 0.31-a0-267-g3fc6992b3b (webtiles) character file.

Game seed: 597198953958049847

6209 qw the Skirmisher (level 10, -10/91 HPs)
             Began as a Minotaur Hexslinger on July 13, 2023.
             Was a Believer of Okawaru.
             Mangled by a death yak (19 damage)
             ... on level 2 of the Lair of Beasts.
             The game lasted 00:03:29 (8894 turns).

qw the Skirmisher (Minotaur Hexslinger)             Turns: 8894, Time: 00:03:29

Health: -10/91     AC:  8    Str: 14    XL:     10   Next: 61%
Magic:  11/12      EV: 22    Int: 10    God:    Okawaru [**....]
Gold:   391        SH:  0    Dex: 16    Spells: 10/11 levels left

rFire   + . .        g - +0 orcbow
rCold   . . .        (shield currently unavailable)
rNeg    . . .        f - +1 leather armour {rF+}
rPois   .            (helmet restricted)
rElec   .            (no cloak)
rCorr   .            h - +1 pair of gloves
SInv    .            l - +0 pair of boots
Will    .....        (no amulet)
Stlth   +++          j - +5 ring of evasion
HPRegen 0.35/turn    (no ring)
MPRegen 0.13/turn

%: no passive effects
@: heroic
A: horns 2, retaliatory headbutt
a: Renounce Religion, Heroism


You were on level 2 of the Lair of Beasts.
You worshipped Okawaru.
Okawaru was pleased with you.
You visited 2 branches of the dungeon, and saw 10 of its levels.

You collected 391 gold pieces.


Innate Abilities, Weirdness & Mutations

You have a pair of horns on your head.
You reflexively headbutt those who attack you in melee.


   Skills:
 - Level 9.3(14.3) Fighting
 + Level 13.2(18.2) Ranged Weapons
 - Level 3.5(8.5) Armour
 - Level 6.2(11.2) Dodging
 - Level 1.0 Spellcasting
 - Level 2.0 Hexes
 - Level 4.0 Invocations


You had 10 spell levels left.
You knew the following spells:

 Your Spells              Type           Power      Damage    Failure   Level
a - Slow                  Hex            16%        N/A       19%         1

Your spell library contained the following spells:

 Spells                   Type           Power      Damage    Failure   Level
 Inner Flame              Hex/Fire       2%         N/A       63%         3
 Portal Projectile        Hex/Tloc       4%         N/A       63%         3
 Cause Fear               Hex            2%         N/A       87%         4

Inventory:

Hand Weapons
 g - a +0 orcbow (weapon)
Armour
 f - a +1 leather armour of fire resistance (worn)
 h - a +1 pair of gloves (worn)
 l - a +0 pair of boots (worn)
Jewellery
 j - a +5 ring of evasion (left hand)
Scrolls
 a - 3 scrolls of identify
 k - 2 scrolls of teleportation
Potions
 b - a potion of mutation
 c - a potion of haste
 d - a potion of magic
 e - a potion of resistance
 i - 5 potions of curing

Dungeon Overview and Level Annotations

Branches:
Dungeon (8/15)             Temple (0/1) D:5            Lair (2/5) D:8
  Swamp: Lair:2-3    Shoals: Lair:2-3     Snake: Lair:2-3    Spider: Lair:2-3

Altars:
Okawaru
Qazlal
Yredelemnul

Shops:
D:3 (

Portals:
Bailey: D:7


Message History

You shoot an arrow. The arrow hits the death yak.
The death yak is moderately wounded.
A komodo dragon comes into view.
You shoot an arrow. The komodo dragon hisses angrily.
The arrow hits the death yak!
The death yak is heavily wounded.
The death yak gores you but does no damage.
The death yak gores you!
You shoot an arrow. The arrow barely misses the death yak.
You shoot an arrow. The arrow hits the death yak!
The death yak is severely wounded.
The death yak gores you.
You shoot an arrow.
The arrow hits the death yak but does no damage.
The elephant simulacrum completely misses you.
The elephant simulacrum barely misses you.
You shoot an arrow.
The arrow hits the death yak but does no damage.
The death yak is severely wounded.
The death yak closely misses you. You furiously retaliate!
You headbutt the death yak. The death yak closely misses you.
The death yak gores you!
You shoot an arrow. The arrow hits the death yak!
The death yak is almost dead.
The elephant simulacrum closely misses you.
The elephant simulacrum trunk-slaps you but does no damage.
You shoot an arrow.
The arrow hits the death yak but does no damage.
The death yak is almost dead.
The death yak completely misses you. The death yak closely misses you.
The death yak gores you!! The death yak gores you.
The elephant simulacrum tramples you but does no damage.
The elephant simulacrum completely misses you.
You shoot an arrow. The arrow hits the death yak!
The death yak is almost dead.
The death yak gores you!!
The death yak gores you but does no damage.
The death yak gores you! The death yak gores you!!
You die...

...............
........<.......
......[.........
................
.........[......
.........l......
.......Z.Y......
........@Y......
........YY......
#...............
##P......#.#....
###....#### ...
#....# #. ##.[.#
##..# ....


You could see 4 death yaks, a komodo dragon and an elephant simulacrum.

Vanquished Creatures
  3 komodo dragons (Lair:1)
  A rime drake (D:8)
  A cane toad (Lair:1)
  A hornet (D:5)
  Sigmund (D:3)
  3 wyverns
  A yak (D:8)
  Eustachio (D:4)
  Edmund (D:4)
  9 water moccasins
  An orc warrior (D:8)
  7 black bears
  4 ice beasts
  A centaur (D:7)
  A phantom (D:5)
  A kobold brigand (D:7)
  7 bullfrogs
  2 scorpions
  A howler monkey (D:6)
  4 hounds
  4 jellies
  An orc priest (D:8)
  Ijyb (D:4)
  An iguana (D:5)
  4 orc wizards
  Natasha (twice) (D:3)
  2 sleepcaps
  Robin (D:4)
  10 adders
  6 gnolls
  A shadow imp (D:7)
  A white imp (D:8)
  3 ufetubi
  4 dart slugs
  4 worms
  17 orcs
  9 bats
  14 endoplasms
  2 giant cockroaches
  11 goblins
  10 hobgoblins
  4 jackals (D:1)
  3 quokkas
  5 ball pythons
  2 frilled lizards (D:2)
  15 kobolds
  4 rats
192 creatures vanquished.

Notes
Turn   | Place    | Note
-------+----------+-------------------------------------------
     0 | D:1      | qw the Minotaur Hexslinger began the quest for the Orb.
     0 | D:1      | Reached XP level 1. HP: 16/16 MP: 1/1
     0 | D:1      | 0 ||| qw: Version: 0.3-a-52-g30416fa
     0 | D:1      | 0 ||| qw: Game counter: 7691
     0 | D:1      | 0 ||| qw: Melee chars always use a shield: true
     0 | D:1      | 0 ||| qw: God list: Okawaru
     0 | D:1      | 0 ||| qw: Allow faded altars: false
     0 | D:1      | 0 ||| qw: Do Orc after clearing Dungeon:15 true
     0 | D:1      | 0 ||| qw: Do second Lair branch before Depths: true
     0 | D:1      | 0 ||| qw: Lair rune preference: random
     0 | D:1      | 0 ||| qw: Goals: Normal
     0 | D:1      | 0 ||| PLANNING D:1-11
    33 | D:1      | Reached skill level 3 in Ranged Weapons
    55 | D:1      | Reached XP level 2. HP: 23/23 MP: 2/2
   956 | D:1      | 956 ||| UPGRADING to +0 ring mail.
   966 | D:1      | 966 ||| DROPPING +0 robe.
   967 | D:1      | 967 ||| READING 2 scrolls labelled ZEAHERCH BAUFA.
   968 | D:1      | 968 ||| READING scroll labelled NUAZEA IMPIPH.
   969 | D:1      | 969 ||| READING scroll labelled TOBARO FYXAC.
   970 | D:1      | 970 ||| DRINKING 2 silvery potions.
   971 | D:1      | 971 ||| DROPPING scroll of poison.
   972 | D:1      | 972 ||| DROPPING potion of degeneration.
   986 | D:2      | 986 ||| STAIRDANCE
   991 | D:1      | Reached XP level 3. HP: 13/29 MP: 3/3
  1061 | D:2      | 1061 ||| STAIRDANCE
  1067 | D:1      | HP: 4/29 [worm (5)]
  1345 | D:2      | Reached skill level 4 in Ranged Weapons
  1478 | D:2      | Reached skill level 1 in Armour
  1736 | D:2      | Reached XP level 4. HP: 36/36 MP: 4/4
  1995 | D:2      | 1995 ||| DROPPING amulet of magic regeneration.
  1996 | D:2      | 1996 ||| UPGRADING to +5 ring of evasion.
  1997 | D:2      | 1997 ||| READING scroll labelled RUTUGE UKKIAF.
  1998 | D:2      | 1998 ||| READING 3 scrolls labelled UGRIUNETYD.
  1999 | D:2      | 1999 ||| DRINKING 3 viscous red potions.
  2000 | D:2      | 2000 ||| READING 4 scrolls of identify.
  2000 | D:2      | 2000 ||| IDENTIFYING blue potion
  2001 | D:2      | 2001 ||| READING 3 scrolls of identify.
  2001 | D:2      | 2001 ||| IDENTIFYING bubbling green potion
  2002 | D:2      | 2002 ||| READING 2 scrolls of identify.
  2002 | D:2      | 2002 ||| IDENTIFYING glowing red potion
  2003 | D:2      | 2003 ||| DROPPING potion of invisibility.
  2004 | D:2      | 2004 ||| DROPPING 2 scrolls of blinking.
  2005 | D:2      | 2005 ||| DROPPING 2 potions of brilliance.
  2087 | D:3      | Reached skill level 5 in Ranged Weapons
  2123 | D:3      | Noticed Sigmund
  2139 | D:3      | 2139 ||| FLEEEEING.
  2140 | D:3      | 2140 ||| FLEEEEING.
  2141 | D:3      | 2141 ||| FLEEEEING.
  2142 | D:3      | 2142 ||| FLEEEEING.
  2143 | D:3      | 2143 ||| FLEEEEING.
  2144 | D:3      | 2144 ||| FLEEEEING.
  2145 | D:3      | 2145 ||| FLEEEEING.
  2146 | D:3      | 2146 ||| FLEEEEING.
  2149 | D:3      | 2149 ||| FLEEEEING.
  2150 | D:3      | 2150 ||| FLEEEEING.
  2151 | D:3      | 2151 ||| FLEEEEING.
  2152 | D:3      | 2152 ||| FLEEEEING.
  2153 | D:3      | 2153 ||| FLEEEEING.
  2154 | D:3      | 2154 ||| FLEEEEING.
  2155 | D:3      | 2155 ||| FLEEEEING.
  2156 | D:3      | 2156 ||| FLEEEEING.
  2157 | D:3      | 2157 ||| FLEEEEING.
  2158 | D:3      | 2158 ||| FLEEEEING.
  2159 | D:3      | 2159 ||| FLEEEEING.
  2160 | D:3      | 2160 ||| FLEEEEING.
  2161 | D:3      | 2161 ||| FLEEEEING.
  2162 | D:3      | 2162 ||| FLEEEEING.
  2176 | D:3      | Killed Sigmund
  2177 | D:3      | Reached XP level 5. HP: 25/48 MP: 5/5
  2177 | D:3      | Reached XP level 6. HP: 30/56 MP: 6/6
  2177 | D:3      | 2177 ||| FLEEEEING.
  2178 | D:3      | 2178 ||| FLEEEEING.
  2179 | D:3      | 2179 ||| FLEEEEING.
  2180 | D:3      | 2180 ||| FLEEEEING.
  2181 | D:3      | 2181 ||| FLEEEEING.
  2182 | D:3      | 2182 ||| FLEEEEING.
  2183 | D:3      | 2183 ||| FLEEEEING.
  2184 | D:3      | 2184 ||| FLEEEEING.
  2185 | D:3      | 2185 ||| STAIRDANCE
  2286 | D:3      | Found Allaboz's Antique Weapon Emporium.
  2292 | D:3      | 2292 ||| SHOPLISTING dazzling arbalest (218 gold, have 85).
  2376 | D:3      | Identified the +5 hand axe "Zybuh" {speed, rC+}
  2549 | D:3      | Noticed Natasha
  2553 | D:3      | Killed Natasha
  2563 | D:3      | 2563 ||| FLEEEEING.
  2564 | D:3      | 2564 ||| FLEEEEING.
  2565 | D:3      | 2565 ||| FLEEEEING.
  2700 | D:3      | Noticed Natasha
  2710 | D:3      | Killed Natasha
  2807 | D:3      | 2807 ||| READING scroll labelled VECUES POAT LEUWE.
  2808 | D:3      | 2808 ||| READING scroll labelled INWUBR HUNIGI.
  2909 | D:3      | 2909 ||| DRINKING 2 ruby potions.
  2939 | D:4      | Noticed Ijyb
  2943 | D:4      | 2943 ||| Stepping ~*~*~tactically~*~*~ (outnumbered).
  2949 | D:4      | Reached skill level 6 in Ranged Weapons
  2954 | D:4      | Killed Ijyb
  3301 | D:4      | Noticed Eustachio
  3333 | D:4      | Killed Eustachio
  3334 | D:4      | Reached skill level 7 in Ranged Weapons
  3334 | D:4      | Reached XP level 7. HP: 56/61 MP: 7/7
  3357 | D:4      | 3357 ||| READING scroll of brand weapon.
  3357 | D:4      | 3357 ||| BRANDING +1 sling of freezing.
  3471 | D:4      | Noticed Robin
  3472 | D:4      | 3472 ||| Stepping ~*~*~tactically~*~*~ (outnumbered).
  3480 | D:4      | 3480 ||| Stepping ~*~*~tactically~*~*~ (outnumbered).
  3482 | D:4      | Killed Robin
  3521 | D:4      | Noticed Edmund
  3540 | D:4      | HP: 14/61 [Edmund/+2 dire flail of protection (10)]
  3542 | D:4      | Killed Edmund
  3864 | D:4      | 3864 ||| UPGRADING to +1 leather armour of fire resistance.
  3874 | D:4      | 3874 ||| DROPPING +0 ring mail.
  3875 | D:4      | 3875 ||| READING 3 scrolls of identify.
  3875 | D:4      | 3875 ||| IDENTIFYING murky silvery potion
  3876 | D:4      | 3876 ||| READING 2 scrolls of identify.
  3876 | D:4      | 3876 ||| IDENTIFYING fuming coppery potion
  3877 | D:4      | 3877 ||| DROPPING potion of berserk rage.
  3897 | D:5      | Entered Level 5 of the Dungeon
  3953 | D:5      | Reached skill level 8 in Ranged Weapons
  3962 | D:5      | Reached skill level 3 in Dodging
  4193 | D:5      | Found an iron altar of Okawaru.
  4194 | D:5      | 4194 ||| PLANNING OKAWARU WORSHIP
  4198 | D:5      | 4198 ||| READING scroll labelled HAOGOH XIDOHOA.
  4202 | D:5      | Found a basalt altar of Yredelemnul.
  4202 | D:5      | Found a stormy altar of Qazlal.
  4387 | D:5      | Reached skill level 9 in Ranged Weapons
  4387 | D:5      | Reached XP level 8. HP: 59/68 MP: 8/8
  4542 | D:5      | Became a worshipper of Warmaster Okawaru
  4543 | D:5      | 4543 ||| PLANNING D:1-11
  4656 | D:5      | Found a staircase to the Ecumenical Temple.
  4758 | D:5      | Noticed a hornet
  4770 | D:5      | Killed a hornet
  4771 | D:5      | Reached skill level 6 in Fighting
  4781 | D:5      | 4781 ||| FLEEEEING.
  4782 | D:5      | 4782 ||| FLEEEEING.
  4783 | D:5      | 4783 ||| FLEEEEING.
  4784 | D:5      | 4784 ||| STAIRDANCE
  4914 | D:5      | Reached * piety under Okawaru
  5029 | D:5      | Reached skill level 1 in Invocations
  5176 | D:5      | Reached skill level 10 in Ranged Weapons
  5481 | D:6      | 5481 ||| DRINKING 5 potions of curing.
  5481 | D:6      | 5481 ||| (to cure confusion)
  5518 | D:6      | 5518 ||| INVOKING Heroism.
  5579 | D:6      | 5579 ||| UPGRADING to +0 pair of gloves.
  5584 | D:6      | 5584 ||| READING scroll labelled NUICOF EFUHU.
  5639 | D:6      | 5639 ||| INVOKING Heroism.
  5755 | D:6      | Reached skill level 3 in Invocations
  5849 | D:6      | Reached XP level 9. HP: 79/79 MP: 10/10
  6089 | D:6      | 6089 ||| READING scroll labelled CUIMUVV KOJOA.
  6090 | D:6      | 6090 ||| READING 3 scrolls of identify.
  6090 | D:6      | 6090 ||| IDENTIFYING lumpy ruby potion
  6112 | D:7      | 6112 ||| SWAPPING to +0 orcbow.
  6113 | D:7      | 6113 ||| DROPPING +2 sling of draining.
  6121 | D:7      | 6121 ||| INVOKING Heroism.
  6130 | D:7      | 6130 ||| Stepping ~*~*~tactically~*~*~ (outnumbered).
  6148 | D:7      | 6148 ||| FLEEEEING.
  6149 | D:7      | 6149 ||| FLEEEEING.
  6150 | D:7      | 6150 ||| FLEEEEING.
  6151 | D:7      | 6151 ||| STAIRDANCE
  6287 | D:7      | 6287 ||| INVOKING Heroism.
  6295 | D:7      | Reached skill level 11 in Ranged Weapons
  6545 | D:7      | Found a flagged portal.
  6618 | D:7      | 6618 ||| UPGRADING to +0 pair of boots.
  6623 | D:7      | 6623 ||| READING 3 scrolls of identify.
  6623 | D:7      | 6623 ||| IDENTIFYING viscous pink potion
  6624 | D:7      | 6624 ||| DROPPING potion of lignification.
  6683 | D:8      | 6683 ||| INVOKING Heroism.
  6709 | D:8      | 6709 ||| INVOKING Heroism.
  6715 | D:8      | Reached skill level 12 in Ranged Weapons
  6731 | D:8      | Found a staircase to the Lair.
  6739 | D:8      | 6739 ||| INVOKING Heroism.
  6778 | D:8      | 6778 ||| INVOKING Heroism.
  7053 | D:8      | 7053 ||| INVOKING Heroism.
  7128 | D:8      | 7128 ||| INVOKING Heroism.
  7180 | D:8      | 7180 ||| FLEEEEING.
  7181 | D:8      | 7181 ||| FLEEEEING.
  7267 | D:8      | 7267 ||| Stepping ~*~*~tactically~*~*~ (outnumbered).
  7270 | D:8      | 7270 ||| Stepping ~*~*~tactically~*~*~ (outnumbered).
  7276 | D:8      | 7276 ||| INVOKING Heroism.
  7291 | D:8      | Reached XP level 10. HP: 41/88 MP: 10/12
  7997 | D:8      | 7997 ||| READING scroll of enchant armour.
  7997 | D:8      | 7997 ||| ENCHANTING +0 pair of gloves.
  7998 | D:8      | 7998 ||| PLANNING LAIR
  7998 | D:8      | 7998 ||| DROPPING ring of flight.
  8038 | Lair:1   | Entered Level 1 of the Lair of Beasts
  8043 | Lair:1   | 8043 ||| STAIRDANCE
  8128 | Lair:1   | 8128 ||| STAIRDANCE
  8130 | D:8      | 8130 ||| INVOKING Heroism.
  8236 | Lair:1   | 8236 ||| INVOKING Heroism.
  8246 | Lair:1   | Reached ** piety under Okawaru
  8373 | Lair:1   | 8373 ||| INVOKING Heroism.
  8388 | Lair:1   | Reached skill level 13 in Ranged Weapons
  8632 | Lair:1   | Noticed a cane toad
  8633 | Lair:1   | 8633 ||| INVOKING Heroism.
  8639 | Lair:1   | Reached skill level 9 in Fighting
  8643 | Lair:1   | Killed a cane toad
  8644 | Lair:1   | Reached skill level 3 in Armour
  8832 | Lair:1   | You fall into a shaft and drop 1 floor!
  8844 | Lair:2   | Reached skill level 6 in Dodging
  8880 | Lair:2   | Noticed a death yak
  8880 | Lair:2   | Noticed a death yak
  8880 | Lair:2   | Noticed a death yak
  8881 | Lair:2   | 8881 ||| INVOKING Heroism.
  8882 | Lair:2   | Noticed a death yak
  8894 | Lair:2   | HP: 16/91 [death yak (24)]
  8894 | Lair:2   | Mangled by a death yak

Levels and vault maps discovered:
D:1:      minmay_arrival_plants_in_alcoves, layout_basic
D:2:      cheibrodos_fertilizer, layout_loops_ring, st_stairs_1,
          minmay_curled_crystal
D:3:      minmay_chambers_of_threes, layout_basic, serial_shops, shop,
          uniq_natasha, uniq_sigmund
D:4:      layout_basic, uniq_ijyb, uniq_edmund, uniq_eustachio, uniq_robin
D:5:      layout_basic, grunt_temple_overflow_open,
          mainiacjoe_overflow_six_doors_small, lemuel_temple_firewalk_a,
          minmay_manual_mess
D:6:      layout_basic
D:7:      layout_rooms, enter_bailey_3
D:8:      layout_gridville, due_lair_maze_entry_diamond
Lair:1:   layout_roguey, grunt_megastairs_1, uniq_fannar
Lair:2:   layout_layer_cave, minmay_shoals_entry_lonely_mermaid,
          dummy_snake_entry, portal_ice_cave_entry_ice_simulacra

Skill      XL: |  1  2  3  4  5  6  7  8  9 10 |
---------------+-------------------------------+-----
Ranged Weapons | 3 4 5 7 9 10 12 13 | 13.2
Fighting       | 2 5 7 8 9 |  9.3
Armour         | 1 2 3 |  3.5
Dodging        | 3 5 6 |  6.2
Invocations    | 3 4 |  4.0
Spellcasting   | |  1.0
Hexes          | |  2.0

Action                     |  1- 3 |  4- 6 |  7- 9 | 10-12 || total
---------------------------+-------+-------+-------+-------++-------
   Fire: Sling             |    99 |   149 |   228 |       ||   476
         Orcbow            |       |       |   177 |   115 ||   292
 Invoke: Heroism           |       |       |    11 |     5 ||    16
    Use: Scroll            |     3 |     7 |     8 |     1 ||    19
         Potion            |     1 |     2 |     1 |       ||     4
 Armour: Ring mail         |    20 |    15 |     5 |       ||    40
         Leather armour    |       |       |    27 |    13 ||    40
  Dodge: Dodged            |    40 |    97 |   218 |    57 ||   412

Table legend:
 A = Non-vault XP
 B = Vault XP
 C = Vault XP percentage of total XP
 D = Non-vault monster count
 E = Vault monster count
 F = Vault count percentage of total count
                 A         B        C        D         E       F
            +---------+---------+-------+---------+---------+-------
      Total |    5753 |    3117 |  35.1 |     131 |      61 |  31.8
            +---------+---------+-------+---------+---------+-------
        D:1 |      36 |      14 |  28.0 |      18 |       1 |   5.3
        D:2 |      31 |      68 |  68.7 |      17 |      15 |  46.9
        D:3 |      75 |     320 |  81.0 |      16 |      14 |  46.7
        D:4 |     107 |     408 |  79.2 |       8 |      11 |  57.9
        D:5 |     834 |     553 |  39.9 |      15 |       6 |  28.6
        D:6 |     367 |       0 |   0.0 |      12 |       0 |   0.0
        D:7 |    1051 |       6 |   0.6 |      23 |       3 |  11.5
        D:8 |     945 |    1305 |  58.0 |      12 |       9 |  42.9
     Lair:1 |    2093 |     443 |  17.5 |       9 |       2 |  18.2
     Lair:2 |     214 |       0 |   0.0 |       1 |       0 |   0.0
            +---------+---------+-------+---------+---------+-------
